 Dungeon Crawl Stone Soup version 0.20.2-3-g29329e0561 (webtiles) character file.

163 Alfie the Covered (level 5, -1/69 HPs)
             Began as a Hill Orc Fighter on July 11, 2023.
             Slain by an adder (2 damage)
             ... on level 2 of the Dungeon.
             The game lasted 00:02:06 (571 turns).

Alfie the Covered (Hill Orc Fighter)                 Turns: 571, Time: 00:02:07

Health: -1/69      AC: 22    Str: 25    XL:     5   Next: 44%
Magic:  5/5        EV:  2    Int:  8    God:
Gold:   94         SH: 10    Dex: 10    Spells: 4/4 levels left

rFire    . . .     SeeInvis .   a - +0 rapier
rCold    . . .     Gourm    .   c - +0 shield
rNeg     + + +     Faith    .   (armour currently unavailable)
rPois    +         Spirit   .   (helmet currently unavailable)
rElec    .         Reflect  .   (cloak currently unavailable)
rCorr    .         Harm     .   (gloves currently unavailable)
MR       .....     NoTele   +   (boots currently unavailable)
Stlth    +.........             (no amulet)
Regen    0.3/turn               (no ring)
MPRegen  0.1/turn               (no ring)

@: mighty, lethally poisoned (-1 -> -3), tree-form, very slightly contaminated,
hasted, invisible, very quick
A: no striking features
a: no special abilities


You were on level 2 of the Dungeon.
You were not hungry.
You were a tree.
You visited 1 branch of the dungeon, and saw 2 of its levels.

You collected 94 gold pieces.

Inventory:

Hand Weapons
 a - a +0 rapier (weapon)
Missiles
 g - 11 tomahawks (quivered)
 n - 6 tomahawks of returning
Armour
 b - a +0 scale mail (melded)
 c - a +0 shield (worn)
Jewellery
 i - an uncursed amulet of magic regeneration {unknown}
Scrolls
 k - a scroll of identify {unknown}
 m - a scroll of enchant armour {unknown}
Potions
 d - a potion of might
 e - a potion of lignification
Comestibles
 f - 2 bread rations
 h - 2 royal jellies


   Skills:
 + Level 4.2 Fighting
 + Level 3.1 Short Blades
 + Level 0.5 Throwing
 + Level 4.4 Armour
 + Level 0.7 Dodging
 + Level 4.3 Shields


You had 4 spell levels left.
You didn't know any spells.

Dungeon Overview and Level Annotations

Branches:
Dungeon (1/15)

Altars:


Message History

Your base attributes are Str 18, Int 8, Dex 10.
Increase (S)trength, (I)ntelligence, or (D)exterity?
You feel stronger.
You have reached level 4!
You have reached level 5!
You feel stronger. The adder bites you but does no damage.
You cannot move. (Use ctrl+direction to attack without moving.)
The frilled lizard bites you but does no damage.
* * * LOW HITPOINT WARNING * * *
You feel sick. The adder bites you but does no damage.
The frilled lizard bites you but does no damage.
The adder bites you but does no damage.
You feel less confused. The adder bites you but does no damage.
You block the frilled lizard's attack.
* * * LOW HITPOINT WARNING * * *
You feel sick. The adder bites you but does no damage.
The frilled lizard bites you but does no damage.
The adder bites you.
You die...

....... .......
....... .......
....... .......
.......#####+###
.......S........
........♣.......
........)l......
#...............
#...........>...
#...............
#...............
#..........#+###
..........#


You could see an adder and a frilled lizard.

Vanquished Creatures
  Sigmund (D:2)
  A leopard gecko (D:1)
  A ball python (D:1)
  A bat (D:1)
  A giant cockroach (D:1)
  A goblin (D:1)
  4 hobgoblins (D:1)
  4 kobolds (D:1)
  A rat (D:1)
15 creatures vanquished.

Notes
Turn   | Place    | Note
-------+----------+-------------------------------------------
     0 | D:1      | Alfie the Hill Orc Fighter began the quest for the Orb.
     0 | D:1      | Reached XP level 1. HP: 19/19 MP: 1/1
   111 | D:1      | Reached XP level 2. HP: 22/27 MP: 2/2
   548 | D:1      | You fall through a shaft!
   548 | D:2      | Noticed Sigmund
   562 | D:2      | HP: 2/40 [adder (3)]
   565 | D:2      | Killed Sigmund
   565 | D:2      | Reached XP level 3. HP: 1/33 MP: 3/3
   565 | D:2      | Reached XP level 4. HP: 2/40 MP: 4/4
   565 | D:2      | Reached XP level 5. HP: 2/46 MP: 5/5
   567 | D:2      | HP: 1/69 [poisoned by an adder]
   571 | D:2      | Slain by an adder

Skill      XL: |  1  2 |
---------------+-------+-----
Fighting       | 4 |  4.2
Short Blades   | 3 |  3.1
Armour         | 4 |  4.4
Shields        | 4 |  4.3
Throwing       | |  0.5
Dodging        | |  0.7

Action                   |  1- 3 |  4- 6 || total
-------------------------+-------+-------++-------
Melee: Rapier            |    64 |       ||    64
Throw: Tomahawk          |     5 |       ||     5
  Use: Potion            |     4 |       ||     4
Armor: Scale mail        |    25 |       ||    25
       Skin              |     8 |     8 ||    16
Dodge: Dodged            |    25 |       ||    25
Block: Shield            |    32 |     1 ||    33
